 Dungeon Crawl Stone Soup version 0.25.1-9-gc5326a611f (webtiles) character file.

Game seed: 3369001148963897819

291 raceaflais the Shooter (level 6, -4/48 HPs)
             Began as a Centaur Arcane Marksman on Dec 29, 2020.
             Slain by a worker ant (6 damage)
             ... on level 4 of the Dungeon on Dec 31, 2020.
             The game lasted 00:17:29 (4622 turns).

raceaflais the Shooter (Centaur Arcane Marksman)    Turns: 4622, Time: 00:17:29

Health: -4/48      AC:  5    Str: 15 (17) XL:     6   Next: 10%
Magic:  8/8        EV: 10    Int: 10 (12) God:
Gold:   133        SH:  0    Dex: 14 (15) Spells: 7/8 levels left

rFire    . . .     SeeInvis .   c - +0 falchion (drain)
rCold    . . .     Gourm    .   (no shield)
rNeg     + . .     Faith    .   e - +0 robe
rPois    .         Spirit   .   m - +0 helmet
rElec    .         Reflect  .   (no cloak)
rCorr    .         Harm     .   (no gloves)
MR       .....     Rnd*Rage +   (no barding)
Stlth    +.........             (no amulet)
HPRegen  0.16/turn              s - ring of positive energy
MPRegen  0.11/turn              x - +6 ring of dexterity

@: very quick
A: large, hooves 3, berserk 1, deformed body, speed 2, strong 1, tough skin 3,
MP-powered wands
a: no special abilities


You were on level 4 of the Dungeon.
You were not hungry.

You visited 1 branch of the dungeon, and saw 4 of its levels.

You collected 133 gold pieces.

Inventory:

Hand Weapons
 a - a +0 shortbow
 c - a +0 falchion of draining (weapon)
 g - a +0 short sword
 i - a +0 dagger of venom
Missiles
 l - 30 bolts
 o - 41 sling bullets
 u - 6 poisoned darts (quivered)
Armour
 e - a +0 robe (worn)
 m - a +0 helmet (worn)
 r - a +0 leather armour
 t - a +0 buckler
Jewellery
 b - a cursed ring of positive energy
 s - a ring of positive energy (left hand)
 x - a +6 ring of dexterity (right hand)
Scrolls
 n - a scroll of remove curse
 v - a scroll of noise
Comestibles
 f - 3 rations


   Skills:
 + Level 2.2 Fighting
 + Level 0.4 Long Blades
 + Level 6.0 Bows
 + Level 1.4 Throwing
 + Level 1.6 Dodging
 + Level 0.1 Stealth
 + Level 1.7 Spellcasting
 + Level 3.5 Hexes


You had 7 spell levels left.
You knew the following spells:

 Your Spells              Type           Power        Failure   Level  Hunger
a - Corona                Hex            #......      8%          1    ##.....

Your spell library contained the following spells:

 Spells                   Type           Power        Failure   Level  Hunger
 Slow                     Hex            #.......     12%         2    ###....
 Inner Flame              Hex/Fire       #.......     43%         3    ####...
 Portal Projectile        Hex/Tloc       #.....       43%         3    ####...
 Cause Fear               Hex            #.........   58%         4    #####..
 Leda's Liquefaction      Hex/Erth       #.........   83%         4    #####..


Dungeon Overview and Level Annotations

Branches:
Dungeon (4/15)
 Temple: D:4-7

Altars:


Innate Abilities, Weirdness & Mutations

You have hooves in place of feet.
Armour fits poorly on your strangely shaped body.
You cover ground very quickly.
You have extremely tough skin. (AC +3)
You tend to lose your temper in combat.
Your muscles are strong. (Str +2)
You expend magic power (3 MP) to strengthen your wands.


Message History

The hound is poisoned.
The hound is almost dead.
The hound closely misses you.
You sense an unholy aura.
c - a +0 falchion of draining (weapon)
The hound bites you.
* * * LOW HITPOINT WARNING * * *
Unknown command.
You barely miss the hound. You kick the hound.
You kill the hound!
Your Bows skill increases to level 6!
You have reached level 6!
Your experience leads to an increase in your attributes!
Your base attributes are Str 14, Int 12, Dex 9.
Increase (S)trength, (I)ntelligence, or (D)exterity?
You feel stronger.
The worker ant bites you but does no damage.
You barely miss the worker ant. Your kick misses the worker ant.
The worker ant bites you.
You die...

..#.##..#.#
........#(#
(.....(...#
.....(.#(.#
.......#..#
.......#..#
.......##(#
....... #a#
......####@#
...........#
...........#
...........#
#.........#
#.........#
###.........#
......##....#
..#.......#
###


You could see a worker ant.

Vanquished Creatures
  A howler monkey (D:4)
  A hound (D:4)
  3 orc wizards
  A worker ant (D:4)
  4 adders (D:3)
  An ooze (D:2)
  2 worms (D:2)
  A leopard gecko (D:1)
  9 orcs
  2 giant cockroaches
  7 goblins
  11 hobgoblins
  2 quokkas
  2 ball pythons
  10 bats
  2 frilled lizards
  6 kobolds
  4 rats
69 creatures vanquished.

Notes
Turn   | Place    | Note
-------+----------+-------------------------------------------
     0 | D:1      | raceaflais the Centaur Arcane Marksman began the quest for
                  | the Orb.
     0 | D:1      | Reached XP level 1. HP: 16/16 MP: 2/2
     6 | D:1      | Noticed a water moccasin
     6 | D:1      | Noticed a redback
     7 | D:1      | Noticed a black bear
   280 | D:1      | Reached XP level 2. HP: 23/23 MP: 0/3
   388 | D:1      | Reached skill level 3 in Bows
  1079 | D:2      | Reached XP level 3. HP: 28/28 MP: 4/4
  1381 | D:2      | Reached skill level 4 in Bows
  2150 | D:3      | Reached XP level 4. HP: 28/35 MP: 4/6
  2426 | D:3      | Reached skill level 5 in Bows
  3551 | D:3      | Reached XP level 5. HP: 41/41 MP: 5/7
  3615 | D:3      | Gained mutation: You expend magic power (3 MP) to
                  | strengthen your wands. [potion of mutation]
  3615 | D:3      | Gained mutation: You tend to lose your temper in combat.
                  | [potion of mutation]
  3615 | D:3      | Gained mutation: Your muscles are strong. (Str +2) [potion
                  | of mutation]
  4048 | D:4      | Reached skill level 1 in Throwing
  4620 | D:4      | HP: 1/41 [hound (6)]
  4621 | D:4      | Reached skill level 6 in Bows
  4621 | D:4      | Reached XP level 6. HP: 1/48 MP: 8/8
  4622 | D:4      | Slain by a worker ant

Illustrated notes

Levels and vault maps discovered:
D:1:      onia_arrival_zoo_common, layout_loops_ring
D:2:      layout_rooms, minmay_crystal_room
D:3:      layout_basic
D:4:      minmay_door_path, layout_basic, minitemple, first_ration

Skill      XL: |  1  2  3  4  5 |
---------------+----------------+-----
Hexes          | 3 |  3.5
Bows           | 3 4 5 6 |  6.0
Fighting       | 2 |  2.2
Throwing       | 1 |  1.4
Long Blades    | |  0.4
Dodging        | |  1.6
Stealth        | |  0.1
Spellcasting   | |  1.7

Action                   |  1- 3 |  4- 6 || total
-------------------------+-------+-------++-------
Melee: Falchion          |       |    22 ||    22
       Kick              |       |     6 ||     6
 Fire: Shortbow          |   127 |    93 ||   220
Throw: Dart              |       |    22 ||    22
 Cast: Corona            |    30 |    18 ||    48
  Use: Scroll            |     2 |     6 ||     8
       Potion            |     5 |     9 ||    14
  Eat: Chunk             |     3 |     4 ||     7
       Ration            |       |     2 ||     2
Armor: Robe              |    37 |    46 ||    83
Dodge: Dodged            |    41 |    52 ||    93
       Rpst.: Falchion   |       |     3 ||     3
